 Dungeon Crawl Stone Soup version 0.30-a0-310-g7d6cbdfea6 (webtiles) character file.

Game seed: 8259142106960870537

68264 NinjaNoafa the Severer (level 14, 0/123 (124) HPs)
             Began as a Minotaur Fighter on Oct 21, 2022.
             Was an Initiate of Gozag.
             Slain by freelancePsychic's ghost (18 damage)
             ... on level 1 of the Snake Pit on Oct 24, 2022.
             The game lasted 01:06:59 (20877 turns).

NinjaNoafa the Severer (Minotaur Fighter)          Turns: 20877, Time: 01:07:01

HP:   0/123 (124)   AC: 27    Str: 30    XL:     14   Next: 86%
MP:   14/14         EV: 20    Int: 11    God:    Gozag
Gold: 999           SH:  0    Dex: 14    Spells: 15/15 levels left

rFire   . . .      SeeInvis .    R - +9 executioner's axe (flame)
rCold   . . .      Faith    .    (shield currently unavailable)
rNeg    . . .      Spirit   .    H - +8 ring mail "Hahoem" {Str+4 Int+6 Stlth-}
rPois   +          Reflect  .    V - +2 hat
rElec   .          Harm     .    N - +2 cloak {rPois}
rCorr   .          Rampage  .    (no gloves)
Will    +....      Rage     3%   Y - +1 pair of boots of Life {Dex+4}
Stlth   ..........               (no amulet)
HPRegen 0.40/turn                F - +4 ring of protection
MPRegen 0.14/turn                t - +4 ring of evasion

@: confused, ambrosia-drunk, on berserk cooldown, slowed, studying Evocations,
lightly drained, unable to drink, very slow
A: horns 2, retaliatory headbutt, berserk 1, inability to drink after injury 1
a: Renounce Religion, Potion Petition, Call Merchant, Bribe Branch


You were on level 1 of the Snake Pit.
You worshipped Gozag.
Gozag was pleased with you.
You visited 6 branches of the dungeon, and saw 20 of its levels.
You also visited: Sewer.

You collected 5829 gold pieces.
You spent 2211 gold pieces at shops.
You paid 2619 gold pieces to Gozag.

Inventory:

Hand Weapons
 R - a +9 executioner's axe of flaming (weapon)
Missiles
 b - 4 poisoned darts
 g - 4 throwing nets
 k - 236 stones
 o - 4 curare-tipped darts
 z - 5 boomerangs
 M - 5 javelins
 P - 2 boomerangs of dispersal
Armour
 H - the +8 ring mail "Hahoem" (worn) {Str+4 Int+6 Stlth-}
   (You found it on level 4 of the Dungeon)

   Str:       It affects your strength (+4).
   Int:       It affects your intelligence (+6).
   Stlth:     It makes you less stealthy.
 N - a +2 cloak of poison resistance (worn)
 V - a +2 hat (worn)
 Y - the +1 pair of boots of Life (worn) {Dex+4}
   (You bought it in a shop on level 2 of the Lair of Beasts)

   Dex:       It affects your dexterity (+4).
Jewellery
 a - the ring of Imny {rC+ MP+9}
   (You found it on level 7 of the Dungeon)

   [ring of magical power]

   rC:        It protects you from cold.
   MP:        It affects your magic capacity (+9).
 l - a ring of positive energy
 n - a ring of willpower
 t - a +4 ring of evasion (right hand)
 F - a +4 ring of protection (left hand)
 T - a ring of protection from fire
Wands
 c - a wand of roots (19)
 q - a wand of polymorph (11)
 s - a wand of light (1)
 G - a wand of mindburst (16)
 I - a wand of charming (10)
 O - a wand of digging (12)
 S - a wand of flame (15) (quivered)
Scrolls
 j - 8 scrolls of teleportation
 r - 2 scrolls of immolation
 u - a scroll of amnesia
 x - a scroll of brand weapon
 A - 2 scrolls of torment
 B - 3 scrolls of magic mapping {unknown}
 K - 3 scrolls of silence {unknown}
 L - 7 scrolls of blinking
Potions
 d - 4 potions of might
 e - 11 potions of lignification
 f - 6 potions of curing
 h - 4 potions of cancellation
 i - a potion of magic
 p - 7 potions of brilliance
 v - 3 potions of berserk rage
 w - 5 potions of invisibility
 C - 5 potions of haste
 D - 2 potions of resistance
 E - a potion of flight
 J - 2 potions of attraction
 Q - 5 potions of degeneration
 U - a potion of ambrosia


   Skills:
 + Level 11.6 Fighting
 - Level 20.0 Axes
 + Level 11.6 Armour
 - Level 11.0 Dodging
 - Level 5.0 Shields
 - Level 1.1 Spellcasting
 + Level 11.7 Evocations


You had 15 spell levels left.
You didn't know any spells.
Your spell library contained the following spells:

 Spells                   Type           Power      Damage    Failure   Level
 Apportation              Tloc           0%         N/A       38%         1
 Magic Dart               Conj           0%         1d3       38%         1
 Necrotise                Necr           0%         1d4       38%         1
 Slow                     Hex            0%         N/A       38%         1
 Summon Small Mammal      Summ           0%         N/A       38%         1
 Call Imp                 Summ           0%         N/A       54%         2
 Scorch                   Fire           0%         2d5       54%         2
 Sublimation of Blood     Necr           0%         N/A       54%         2
 Wereblood                Tmut           0%         N/A       54%         2
 Confusing Touch          Hex            0%         N/A       77%         3
 Ignite Poison            Fire/Tmut/Pois 0%         N/A       77%         3
 Mephitic Cloud           Conj/Pois/Air  0%         N/A       77%         3
 Portal Projectile        Hex/Tloc       0%         N/A       77%         3
 Tukima's Dance           Hex            0%         N/A       77%         3
 Vampiric Draining        Necr           0%         2d6       77%         3
 Flame Wave               Conj/Fire      0%         2d4       99%         4
 Passage of Golubria      Tloc           0%         N/A       99%         4
 Sticky Flame             Conj/Fire      0%         2d3       99%         4
 Blade Hands              Tmut           0%         N/A       100%        5
 Yara's Violent Unravell  Hex/Tmut       0%         3d3       100%        5
 Iron Shot                Conj/Erth      0%         9d1       100%        6
 Summon Cactus Giant      Summ           0%         N/A       100%        6
 Storm Form               Tmut/Air       0%         N/A       100%        7
 Summon Hydra             Summ           0%         N/A       100%        7
 Ignition                 Fire           0%         3d3       100%        8


Dungeon Overview and Level Annotations

Branches:
Dungeon (10/15)            Temple (1/1) D:5            Lair (5/5) D:10
 Shoals (0/4) Lair:3        Snake (1/4) Lair:3        Slime (0/5) Lair:4
    Orc (2/2) D:10            Elf (1/3) Orc:2         Sewer (visited)

Altars:
Ashenzari
Cheibriados
Dithmenos
Elyvilon
Fedhas
Gozag
Hepliaklqana
Kikubaaqudgha
Makhleb
Nemelex Xobeh
Okawaru
Qazlal
Ru
Sif Muna
Trog
Uskayaw
Vehumet
Wu Jian
Xom
Yredelemnul
Zin
The Shining One
Jiyva
Lugonu

Shops:
D:5 *   Orc:2 ([[!(:   Lair:2 [

Portals:
Abyss: Lair:5

Annotations:
Snake:1 freelancePsychic's ghost, adept TeAr


Innate Abilities, Weirdness & Mutations

You have a pair of horns on your head.
You reflexively headbutt those who attack you in melee.
You sometimes lose your temper in combat.
You occasionally lose the ability to drink potions when taking damage.


Message History

You are confused.
You are too confused!
A red film seems to cover your vision as you go berserk!
You feel yourself moving faster!
You feel mighty!
The +3 glaive of chaos hits you but does no damage.
FreelancePsychic's ghost misses you.
You completely miss freelancePsychic's ghost.
FreelancePsychic's ghost is moderately damaged.
The +3 glaive of chaos hits you but does no damage.
FreelancePsychic's ghost hits you but does no damage.
You bump into the translucent stone wall.
The +3 glaive of chaos hits you from afar.
* * * LOW HITPOINT WARNING * * *
You feel drained.
You completely miss freelancePsychic's ghost.
FreelancePsychic's ghost is moderately damaged.
FreelancePsychic's ghost hits you but does no damage.
You completely miss freelancePsychic's ghost.
Your headbutt misses freelancePsychic's ghost.
FreelancePsychic's ghost is moderately damaged.
The +3 glaive of chaos hits you but does no damage.
FreelancePsychic's ghost hits you but does no damage.
The +3 glaive of chaos hits you from afar!
* * * LOW HITPOINT WARNING * * *
Space warps around you.
* * * LOW HITPOINT WARNING * * *
You feel a strong urge to attack something.
You bump into the rock wall.
You are no longer berserk.
You are exhausted.
You feel yourself slow down.
You are more confused.
You feel invigorated.
The +3 glaive of chaos completely misses you.
FreelancePsychic's ghost hits you.
* * * LOW HITPOINT WARNING * * *
You are electrocuted!!
You feel threatened and lose the ability to drink potions!
You die...
Your body crumbles into a pile of gold.

########...## ###..
..........#.# ##....
.........#..### ##...##
........####..## #..).#
######.#..###..## #...##
#.#..#:##..###..##
#....(_.#....).## ####
###.W#?###....## #..#
#@.####.#..## #..#
######.#..##
#..#################....##
............#.#.......###
......................#
.....................##
######################


You could see a +3 glaive of chaos and freelancePsychic's ghost.

Vanquished Creatures
  Gastronok (Lair:2)
  Aizul (Snake:1)
  5 hydras
  Erica (D:8)
  4 two-headed ogres
  3 anacondas (Snake:1)
  4 boulder beetles
  A death yak (Lair:4)
  Urug (Lair:3)
  2 naga sharpshooters (Snake:1)
  5 orc high priests (Orc:2)
  4 thrashing horrors (Lair:5)
  Nergalle (Lair:1)
  A fire crab (Lair:4)
  2 naga ritualists (Snake:1)
  A harpy (shapeshifter) (Lair:5)
  An ugly thing (Lair:5)
  2 mana vipers (Snake:1)
  5 orc knights (Orc:2)
  4 deep elf zephyrmancers (Elf:1)
  A deep elf pyromancer (Elf:1)
  2 orc sorcerers (Orc:2)
  3 elephants (Lair:5)
  Maurice (Orc:1)
  11 black mambas
  A naga mage (Snake:1)
  A cane toad (shapeshifter) (Lair:5)
  4 cane toads
  2 smoke demons (Lair:5)
  4 torpor snails (Lair:4)
  4 rime drakes
  9 komodo dragons
  4 trolls
  3 ancient zymes (Lair:5)
  A polar bear (Lair:1)
  2 dream sheep (Lair:4)
  23 blink frogs
  A hornet (D:9)
  A wraith (D:9)
  2 ynoxinuls
  6 wyverns
  A spriggan (Lair:5)
  12 small abominations (Lair:5)
  5 basilisks (Lair:5)
  25 yaks
  3 chaos spawn
  A large abomination (Lair:5)
  3 steam dragons
  2 wargs (Orc:1)
  6 nagas
  2 acid dragons
  15 water moccasins
  24 orc warriors
  An ice beast (D:7)
  4 sky beasts
  4 black bears
  2 ogres
  8 centaurs
  16 wolves
  A phantom (D:4)
  5 kobold brigands
  A gnoll sergeant (D:9)
  5 scorpions
  15 bullfrogs
  7 wights
  25 killer bees
  2 electric eels
  11 howler monkeys
  2 quasits (D:10)
  3 gnoll boudas
  3 hounds
  A jelly (D:7)
  46 orc priests
  Ijyb (D:5)
  4 iguanas
  18 orc wizards
  6 hell rats (Lair:1)
  Robin (D:2)
  16 gnolls
  11 adders
  6 river rats
  A shadow imp (D:5)
  A white imp (D:8)
  3 ufetubi (D:7)
  4 worms
  4 dart slugs
  81 orcs
  19 ball pythons
  5 endoplasms
  3 giant cockroaches
  14 goblins
  12 hobgoblins
  6 jackals (D:1)
  5 quokkas
  4 bats
  8 frilled lizards
  21 kobolds
  32 rats
  A butterfly (Lair:5)
683 creatures vanquished.

Vanquished Creatures (others)
  3 demonic plants (D:10)
  9 fungi
  40 plants
52 creatures vanquished.

Grand Total: 735 creatures vanquished

Notes
Turn   | Place    | Note
-------+----------+-------------------------------------------
     0 | D:1      | NinjaNoafa the Minotaur Fighter began the quest for the
                  | Orb.
     0 | D:1      | Reached XP level 1. HP: 19/19 MP: 0/0
   118 | D:1      | Reached skill level 3 in Axes
   147 | D:1      | Reached XP level 2. HP: 22/26 MP: 1/1
   330 | D:1      | Reached skill level 4 in Axes
   396 | D:1      | Reached XP level 3. HP: 31/31 MP: 2/2
   868 | D:2      | Reached skill level 5 in Axes
   868 | D:2      | Reached XP level 4. HP: 39/39 MP: 3/3
  1193 | D:2      | Noticed Robin
  1202 | D:2      | Killed Robin
  1203 | D:2      | Reached skill level 6 in Axes
  1369 | D:2      | Found a faded altar of an unknown god.
  1678 | D:2      | Found an iron altar of Okawaru.
  1868 | D:3      | Reached XP level 5. HP: 42/45 MP: 4/4
  1874 | D:3      | Reached skill level 7 in Axes
  2368 | D:3      | Reached skill level 5 in Fighting
  2368 | D:3      | Reached XP level 6. HP: 18/56 MP: 5/5
  2892 | D:4      | Found a glowing drain.
  2928 | Sewer    | Entered a sewer
  3009 | Sewer    | Reached skill level 5 in Armour
  3188 | Sewer    | Reached skill level 5 in Shields
  3188 | Sewer    | Reached skill level 1 in Dodging
  3188 | Sewer    | Reached XP level 7. HP: 57/61 MP: 6/6
  3407 | D:4      | Found an opulent altar of Gozag.
  3576 | D:4      | Identified the +8 ring mail "Hahoem" {Str+4 Int+6 Stlth-}
  3922 | D:4      | Reached skill level 8 in Axes
  4236 | D:5      | Entered Level 5 of the Dungeon
  4320 | D:5      | Reached skill level 9 in Axes
  4320 | D:5      | Reached XP level 8. HP: 48/68 MP: 7/7
  4707 | D:5      | Found a staircase to the Ecumenical Temple.
  4717 | Temple   | Entered the Ecumenical Temple
  4823 | D:5      | Found Woexke Noce's Assorted Antiques.
  4829 | D:5      | Noticed Ijyb
  4839 | D:5      | Killed Ijyb
  5270 | D:6      | Found a hide-covered altar of Uskayaw.
  6137 | D:4      | Found a glowing golden altar of the Shining One.
  6138 | D:4      | Found a basalt altar of Yredelemnul.
  6254 | D:4      | Became a worshipper of Gozag Ym Sagoz the Greedy
  6305 | D:7      | Reached skill level 10 in Axes
  6305 | D:7      | Reached XP level 9. HP: 81/83 MP: 8/8
  6485 | D:7      | Reached skill level 11 in Axes
  6561 | D:7      | Reached skill level 12 in Axes
  6578 | D:7      | Identified the ring of Imny {rC+ MP+9}
  6789 | D:7      | Found a white marble altar of Elyvilon.
  6852 | D:5      | Bought a runed executioner's axe for 442 gold pieces
  7149 | D:8      | Identified the +3 leather armour "Wozasin" {+Inv rC+ Int+3}
  7476 | D:8      | Reached skill level 13 in Axes
  7478 | D:8      | Reached skill level 1 in Evocations
  7486 | D:8      | Reached XP level 10. HP: 76/91 MP: 9/9
  7571 | D:8      | Noticed Erica
  7583 | D:8      | Killed Erica
  7790 | D:8      | Reached skill level 10 in Fighting
  7970 | D:8      | Found a sparkling altar of Nemelex Xobeh.
  8409 | D:9      | Noticed a two-headed ogre
  8412 | D:9      | Found a blossoming altar of Fedhas.
  8420 | D:9      | Killed a two-headed ogre
  8463 | D:9      | Noticed a boulder beetle
  8471 | D:9      | Killed a boulder beetle
  8472 | D:9      | Reached skill level 10 in Armour
  9150 | D:10     | Entered Level 10 of the Dungeon
  9150 | D:10     | Noticed a two-headed ogre
  9152 | D:10     | Killed a two-headed ogre
  9153 | D:10     | Reached XP level 11. HP: 101/102 MP: 10/10
  9155 | D:10     | Noticed a two-headed ogre
  9164 | D:10     | Killed a two-headed ogre
  9175 | D:10     | Reached skill level 5 in Evocations
  9404 | D:10     | Found a staircase to the Orcish Mines.
  9659 | D:10     | Found a staircase to the Lair.
 10101 | Lair:1   | Entered Level 1 of the Lair of Beasts
 10101 | Lair:1   | Noticed Nergalle
 10108 | Lair:1   | Killed Nergalle
 10212 | Lair:1   | Gained mutation: Your system is resistant to poisons.
                  | (rPois) [potion of mutation]
 10212 | Lair:1   | Gained mutation: You are vulnerable to heat. (rF-) [potion
                  | of mutation]
 10212 | Lair:1   | Gained mutation: You possess an exceptional clarity of
                  | mind. [potion of mutation]
 10238 | Lair:1   | Lost mutation: You are vulnerable to heat. (rF-) [potion of
                  | mutation]
 10238 | Lair:1   | Lost mutation: You possess an exceptional clarity of mind.
                  | [potion of mutation]
 10238 | Lair:1   | Gained mutation: You have large cloven feet. [potion of
                  | mutation]
 10238 | Lair:1   | Lost mutation: You have large cloven feet. [potion of
                  | mutation]
 10239 | Lair:1   | Lost mutation: Your system is resistant to poisons. (rPois)
                  | [potion of mutation]
 10239 | Lair:1   | Gained mutation: You are strong-willed. (Will+) [potion of
                  | mutation]
 10239 | Lair:1   | Gained mutation: You sometimes lose your temper in combat.
                  | [potion of mutation]
 10239 | Lair:1   | Lost mutation: You sometimes lose your temper in combat.
                  | [potion of mutation]
 10332 | Lair:2   | Bought a warped cloak for 275 gold pieces
 10332 | Lair:2   | Identified the +1 cloak of Quantum Leap {Harm Will+ MP+9}
                  | (You bought it in a shop on level 2 of the Lair of Beasts)
 10332 | Lair:2   | Bought a pair of distressingly furry boots for 275 gold
                  | pieces
 10332 | Lair:2   | Identified the +1 pair of boots of Life {Dex+4} (You bought
                  | it in a shop on level 2 of the Lair of Beasts)
 10902 | D:10     | Found a bloodstained altar of Trog.
 11280 | Lair:1   | Reached XP level 12. HP: 110/110 MP: 11/11
 11488 | Lair:1   | Reached skill level 10 in Evocations
 11988 | Lair:2   | Noticed Gastronok
 11997 | Lair:2   | Killed Gastronok
 13058 | Lair:3   | Noticed Urug
 13059 | Lair:3   | Noticed a six-headed hydra
 13064 | Lair:3   | Killed Urug
 13064 | Lair:3   | Killed a four-headed hydra
 13065 | Lair:3   | Reached skill level 5 in Dodging
 13434 | Lair:3   | Found a staircase to the Shoals.
 13504 | Lair:3   | Found a staircase to the Snake Pit.
 13787 | D:5      | Bought a potion of berserk rage for 170 gold pieces
 13955 | Lair:3   | Found a sacrificial altar of Ru.
 14744 | Lair:4   | Reached XP level 13. HP: 98/116 MP: 12/12
 14746 | Lair:4   | Reached skill level 14 in Axes
 14936 | Lair:4   | Reached skill level 15 in Axes
 15253 | Lair:4   | Found a viscous altar of Jiyva.
 15258 | Lair:4   | Found a staircase to the Slime Pits.
 15404 | Lair:5   | Entered Level 5 of the Lair of Beasts
 15417 | Lair:5   | Reached skill level 16 in Axes
 16137 | Lair:5   | Reached skill level 17 in Axes
 16461 | Lair:5   | Reached skill level 18 in Axes
 16603 | Lair:5   | Reached XP level 14. HP: 56/124 MP: 13/13
 16814 | Lair:5   | Found a corrupted altar of Lugonu.
 16814 | Lair:5   | Found a one-way gate to the infinite horrors of the Abyss.
 16839 | Lair:5   | Got the Folio of Solid Shaping
 17627 | Orc:1    | Entered Level 1 of the Orcish Mines
 17851 | Orc:2    | Entered Level 2 of the Orcish Mines
 17862 | Orc:2    | Reached skill level 19 in Axes
 18227 | Orc:2    | Reached skill level 10 in Dodging
 18505 | Orc:2    | Reached skill level 1 in Spellcasting
 18793 | Orc:2    | Found a staircase to the Elven Halls.
 18852 | Orc:2    | Gained mutation: You have hidden genetic defects. [a
                  | neqoxec]
 18903 | Orc:2    | Found Vieg's Weapon Shoppe.
 18903 | Orc:2    | Found Yticsoma's Book Shoppe.
 18904 | Orc:2    | Found Lamot's Armour Shoppe.
 18904 | Orc:2    | Found Kefutidu's Weapon Emporium.
 19705 | Orc:1    | Noticed Maurice
 19724 | Orc:1    | Killed Maurice
 19980 | Orc:2    | Bought a potion of berserk rage for 65 gold pieces
 19980 | Orc:2    | Bought a potion of berserk rage for 65 gold pieces
 19980 | Orc:2    | Bought a potion of lignification for 39 gold pieces
 19985 | Orc:2    | Bought a manual of Evocations for 880 gold pieces
 20037 | Elf:1    | Entered Level 1 of the Elven Halls
 20186 | Snake:1  | Entered Level 1 of the Snake Pit
 20186 | Snake:1  | Noticed Aizul
 20202 | Snake:1  | Killed Aizul
 20413 | Snake:1  | Reached skill level 20 in Axes
 20437 | Snake:1  | Gained mutation: You sometimes lose your temper in combat.
                  | [hidden defects]
 20489 | Snake:1  | Lost mutation: You are strong-willed. (Will+) [potion of
                  | mutation]
 20489 | Snake:1  | Lost mutation: You have hidden genetic defects. [potion of
                  | mutation]
 20489 | Snake:1  | Gained mutation: You occasionally lose the ability to drink
                  | potions when taking damage. [potion of mutation]
 20497 | Snake:1  | Upgraded the game from 0.30-a0-305-g026cb31310 to
                  | 0.30-a0-310-g7d6cbdfea6
 20849 | Snake:1  | Found a runed translucent door.
 20850 | Snake:1  | Found a shimmering altar of Xom.
 20850 | Snake:1  | Noticed freelancePsychic's ghost (adept TeAr)
 20877 | Snake:1  | Slain by freelancePsychic's ghost

Illustrated notes

Levels and vault maps discovered:
D:1:      dpeg_arrival_round_c, layout_loops_ring,
          minmay_misc_feat_secret_circle
D:2:      layout_basic, basic_altar, shapermc_ecumenical_altar_flowoftime,
          uniq_robin
D:3:      layout_basic
D:4:      cheibrodos_thug_alley, layout_basic, nicolae_overflow_hidden_temple,
          portal_sewer_entry_c
D:5:      layout_loops_cross, minmay_temple_entry_statues_fountains,
          serial_shops, shop, uniq_ijyb
D:6:      layout_cave_pools, mainiacjoe_overflow_brackets,
          minmay_misc_feat_plants
D:7:      layout_rooms, nicolae_elyvilon_temple_path, st_stairs_1
D:8:      layout_loops_corners, nemelex_spade_bored_becter, uniq_erica
D:9:      kennysheep_ambush_hall, layout_cave_pools,
          fedhas_bush_and_centaur_altar
D:10:     layout_irregular_city, tgw_trog, minmay_lair_entry_grove,
          hiddenorc2_lemuel, serial_demonic, serial_demonic_d, serial_demonic_c,
          serial_demonic_c, serial_demonic_b, grunt_ministairs_10, minivault_4
Temple:   eino_temple_lava
Lair:1:   layout_small_grid, uniq_nergalle
Lair:2:   layout_layer_cave, uniq_gastronok
Lair:3:   layout_gridlike, minmay_shoals_entry_centaurs,
          minmay_snake_entry_guardpost_small, basic_altar, uniq_urug
Lair:4:   nzn_winding_woodlands_large [nzn_winding_woodlands_5x5_cross,
          nzn_winding_woodlands_5x15_river_crossing,
          nzn_winding_woodlands_5x5_closed_star,
          nzn_winding_woodlands_center_diamonds,
          nzn_winding_woodlands_15x15_thick_spiral,
          nzn_winding_woodlands_center_pierced_h,
          nzn_winding_woodlands_5x5_open_star, nzn_winding_woodlands_5x15_eye,
          nzn_winding_woodlands_5x5_perimeter], layout_cave_shapes,
          dpeg_slime_entry_corner
Lair:5:   hellmonk_lair_end_abyssal_woods, layout_hall_layers, st_stairs_4,
          serial_bayou_lagoon_a, lemuel_fruit_tree, infiniplex_staircase_pool,
          lemuel_fruit_fields
Snake:1:  layout_concentric_octagons, ebering_ghost_xom,
          nicolae_snake_magic_snake_eye, uniq_aizul
Orc:1:    layout_diamond_mine, david_defended_altar_orc, uniq_maurice
Orc:2:    st_orc_pillars, layout_caves, nicolae_orc_pool_cavern
Elf:1:    eino_elf_arrival_customs, layout_loops_ring,
          portal_desolation_entry_nicolae_slug, minmay_elf_demonology,
          fountainhead, grunt_ministairs_7

Skill      XL: |  1  2  3  4  5  6  7  8  9 10 11 12 13 14 |
---------------+-------------------------------------------+-----
Axes           | 3 4 5 6 7 9 10 13 18 20 | 20.0
Fighting       | 5 9 11 | 11.6
Armour         | 5 11 | 11.6
Shields        | 5 |  5.0
Dodging        | 1 3 9 11 | 11.0
Evocations     | 2 3 9 11 | 11.7
Spellcasting   | 1 |  1.1

Action                   |  1- 3 |  4- 6 |  7- 9 | 10-12 | 13-15 || total
-------------------------+-------+-------+-------+-------+-------++-------
Melee: War axe           |    75 |   196 |   166 |       |       ||   437
       Headbutt          |     7 |    18 |    28 |    45 |    69 ||   167
       Battleaxe         |       |       |    33 |       |       ||    33
       Executioner's axe |       |       |    29 |   330 |   381 ||   740
Throw: Boomerang         |       |    18 |     5 |     4 |     1 ||    28
       Dart              |       |     9 |     2 |       |       ||    11
       Javelin           |       |       |       |       |     5 ||     5
Invok: Call Merchant     |       |       |       |     1 |     2 ||     3
Evoke: Wand              |       |       |     5 |    27 |    18 ||    50
  Use: Scroll            |       |       |       |    18 |    14 ||    32
       Potion            |       |       |       |     3 |    10 ||    13
 Stab: Distracted        |       |       |     1 |     7 |     6 ||    14
       Invisible         |       |       |       |       |     3 ||     3
Armor: Scale mail        |    54 |    15 |       |       |       ||    69
       Chain mail        |       |    80 |    18 |       |       ||    98
       Ring mail         |       |       |   134 |   226 |   158 ||   518
Dodge: Dodged            |    49 |    91 |   161 |   406 |   334 ||  1041
Block: Buckler           |    24 |     6 |       |       |       ||    30
       Kite shield       |       |   142 |    94 |       |       ||   236

Table legend: (Time is in decaauts)
 A = Elapsed time spent in this place.
 B = Non-inter-level travel time spent in this place.
 C = Inter-level travel time spent in this place.
 D = Time resting spent in this place.
 E = Time spent auto-exploring this place.
 F = Levels seen in this place.
 G = Mean time per level.
                   A        B        C        D        E       F      G
               +--------+--------+--------+--------+--------+-----+--------+
         Total |  21244 |  18541 |   2703 |    100 |  14628 |  21 | 1011.6 |
       Dungeon |  11008 |   9248 |   1760 |      0 |   7203 |  10 | 1100.8 |
        Temple |     74 |     72 |      2 |      0 |     47 |   1 |   74.0 |
          Lair |   6717 |   6208 |    509 |    100 |   5100 |   5 | 1343.4 |
     Snake Pit |    706 |    706 |      0 |      0 |    562 |   1 |  706.0 |
  Orcish Mines |   2331 |   1910 |    421 |      0 |   1541 |   2 | 1165.5 |
   Elven Halls |     41 |     31 |     10 |      0 |      0 |   1 |   41.0 |
         Sewer |    363 |    363 |      0 |      0 |    174 |   1 |  363.0 |
               +--------+--------+--------+--------+--------+-----+--------+

Top non-repeatable levels by time:
  Lair:5: 2050 daAuts
   Orc:2: 1706 daAuts
    D:10: 1546 daAuts
  Lair:2: 1323 daAuts
     D:4: 1313 daAuts
     D:8: 1259 daAuts
     D:3: 1165 daAuts
  Lair:4: 1144 daAuts
  Lair:3: 1142 daAuts
     D:5: 1128 daAuts
     D:2: 1111 daAuts
  Lair:1: 1056 daAuts
     D:9: 987 daAuts
     D:1: 911 daAuts
     D:6: 807 daAuts
